 Dungeon Crawl Stone Soup version 0.31-a0-948-gf5be29c462 (webtiles) character file.

Game seed: 15686197608627441001

109 Arzdou the Ruffian (level 4, -3/28 HPs)
             Began as an Octopode Shapeshifter on Oct 21, 2023.
             Killed by nerve-wracking pain
             ... invoked by Jessica
              (7 damage)
             ... on level 3 of the Dungeon.
             The game lasted 00:03:31 (1930 turns).

Arzdou the Ruffian (Octopode Shapeshifter)          Turns: 1930, Time: 00:03:33

Health: -3/28      AC:  1    Str: 13    XL:     4   Next: 89%
Magic:  4/4        EV: 13    Int: 14    God:
Gold:   110        SH:  0    Dex: 11    Spells: 3/3 levels left

rFire   . .          .
                       - Unarmed
rCold   . . .        (no shield)
rNeg    . . .        (helmet currently unavailable)
rPois   .            (no amulet)
rElec   .            (no ring)
rCorr   .            (no ring)
SInv    .            (no ring)
Will    .....        (no ring)
Stlth   ++           (no ring)
HPRegen 0.24/turn    (no ring)
MPRegen 0.09/turn    (no ring)
                     (no ring)

%: no passive effects
@: beast-form
A: beast (slay +1), almost no armour, amphibious, 8 rings, camouflage 1,
gelatinous body 1, (nimble swimmer 1), tentacles
a: Begin Untransformation


You were on level 3 of the Dungeon.
You were a hulking beast.
You visited 1 branch of the dungeon, and saw 3 of its levels.

You collected 110 gold pieces.

Inventory:

Talismans
 b - a beast talisman (active)
 c - a flux talisman
Wands
 j - a wand of quicksilver (6)
Scrolls
 d - a scroll of fear
 f - a scroll of enchant armour
 g - 2 scrolls of fog
 k - a scroll of teleportation {unknown}
Potions
 a - a potion of lignification
 e - a potion of heal wounds {unknown}
 h - a potion of magic {unknown}
 i - a potion of curing {unknown}
 l - a potion of attraction {unknown}
 m - a potion of invisibility {unknown}


   Skills:
 - Level 1.1 Fighting
 - Level 2.0 Dodging
 + Level 5.3 Unarmed Combat
 - Level 3.0 Shapeshifting


You had 3 spell levels left.
You didn't know any spells.
Your spell library was empty.

Dungeon Overview and Level Annotations

Branches:
Dungeon (3/15)

Altars:

Shops:
D:3 [

Annotations:
D:3 Jessica


Innate Abilities, Weirdness & Mutations

You are a hulking beast.
Your limbs bulge with bestial killing power. (Slay +1)
You cannot wear most types of armour.
You are amphibious.
You can wear up to eight rings at the same time.
Your skin changes colour to match your surroundings (Stealth+).
Your rubbery body absorbs attacks. (AC +1, EV +1)
((You are camouflaged when in or above water. (Stealth+)))
You have tentacles for arms and can constrict up to eight enemies at once.


Message History

Jessica blinks!
The endoplasm misses you.
Jessica casts a spell.
Jessica blinks!
You barely miss the endoplasm. The endoplasm freezes you.
You are frozen.
You tentacle-slap the endoplasm.
The endoplasm is moderately wounded.
The endoplasm barely misses you.
You tentacle-slap the endoplasm but do no damage.
The endoplasm is moderately wounded.
The endoplasm freezes you.
You are frozen.
Jessica casts a spell.
Jessica blinks!
You tentacle-slap the endoplasm.
You kill the endoplasm!
You tentacle-slap the dart slug. You grab the dart slug.
The dart slug is heavily wounded.
You constrict the dart slug. The dart slug bites you.
You tentacle-slap Jessica. Your grab misses Jessica.
Jessica is heavily wounded.
You constrict the dart slug.
You kill the dart slug!
Jessica hits you with a +2 dagger of freezing.
Jessica freezes you.
You closely miss Jessica. Your grab misses Jessica.
Your squeeze misses Jessica.
Jessica is heavily wounded.
Jessica points at you and mumbles some strange words.
Pain shoots through your body!
* * * LOW HITPOINT WARNING * * *
You completely miss Jessica. You grab Jessica. Your squeeze misses Jessica.
Jessica is heavily wounded.
You constrict Jessica, but do no damage.
The giant cockroach closely misses you. Jessica casts a spell at you.
Pain shoots through your body!
You die...

...# .#.# #B .#.###.
#.# ....... #.# .....#
#.# .....##
#.###......#
######.##h.##...
........B@.......
..######.......###..#
#......$...#### .##
..###..##.#######.#
#.#...........## .##
#.#............# ....
#.#...†......#
.....####.#.....†.<..#


You could see Jessica and a giant cockroach.

Vanquished Creatures
  4 gnolls (D:2)
  2 adders (D:2)
  2 dart slugs
  7 endoplasms
  A giant cockroach (D:2)
  5 goblins
  3 hobgoblins
  4 kobolds
  4 quokkas
  3 ball pythons (D:2)
  3 bats (D:2)
  3 frilled lizards
  6 rats
47 creatures vanquished.

Notes
Turn   | Place    | Note
-------+----------+-------------------------------------------
     0 | D:1      | Arzdou the Octopode Shapeshifter began the quest for the
                  | Orb.
     0 | D:1      | Reached XP level 1. HP: 13/13 MP: 1/1
   450 | D:1      | Reached XP level 2. HP: 18/18 MP: 2/2
   903 | D:2      | Reached skill level 4 in Unarmed Combat
   903 | D:2      | Reached XP level 3. HP: 15/23 MP: 3/3
  1006 | D:2      | Reached XP level 4. HP: 28/28 MP: 4/4
  1012 | D:2      | Reached skill level 5 in Unarmed Combat
  1915 | D:3      | Found Wack's Antique Armour Shoppe.
  1919 | D:3      | Noticed Jessica
  1930 | D:3      | Killed from afar by Jessica

Illustrated notes

Levels and vault maps discovered:
D:1:      dpeg_arrival_long_road, layout_loops_corners
D:2:      layout_basic, hangedman_decor_clover_reticule
D:3:      cheibrodos_greedy_goblins, layout_rooms,
          nicolae_overflow_ecumenical_swirl, nicolae_uskayaw_dance_hall,
          serial_shops, shop, chequers_avenue, minmay_circle_x, uniq_natasha,
          uniq_jessica

Skill      XL: |  1  2  3  4 |
---------------+-------------+-----
Unarmed Combat | 4 5 |  5.3
Fighting       | |  1.1
Dodging        | |  2.0
Shapeshifting  | |  3.0

Action                     |  1- 3 |  4- 6 || total
---------------------------+-------+-------++-------
  Melee: Unarmed           |    38 |    48 ||    86
         Tentacles         |     8 |    11 ||    19
         Constrict         |     9 |    10 ||    19
         Punch             |     2 |     1 ||     3
    Use: Scroll            |       |     3 ||     3
   Stab: Sleeping          |     7 |     4 ||    11
 Armour: Skin              |    10 |    16 ||    26
  Dodge: Dodged            |    14 |    23 ||    37

Table legend: (Time is in decaauts)
 A = Elapsed time spent in this place.
 B = Non-inter-level travel time spent in this place.
 C = Inter-level travel time spent in this place.
 D = Time resting spent in this place.
 E = Time spent auto-exploring this place.
 F = Levels seen in this place.
 G = Mean time per level.
                   A        B        C        D        E       F      G
               +--------+--------+--------+--------+--------+-----+--------+
         Total |   1922 |   1881 |     41 |      0 |   1599 |   3 |  640.7 |
       Dungeon |   1922 |   1881 |     41 |      0 |   1599 |   3 |  640.7 |
               +--------+--------+--------+--------+--------+-----+--------+

Top non-repeatable levels by time:
     D:2: 993 daAuts
     D:1: 870 daAuts
     D:3: 58 daAuts
